AoeStats
← 大草原畜牧

Lombardia

508151754Analyzed
4v4 RM · 13d ago on Sep 21, 2026· 27m 4s· 8 players
Game mode
Random Map
Map size
Large (8 player)
Population
200
Speed
Normal
Resources
Standard
Victory
Conquest
Starting age
Dark Age
Ending age
Imperial Age
RankedLock teamsTeams togetherTeam positionsShared explorationLock speedFull tech treeHidden civsTurbo modeCheats
Victory
Defeat
🇨🇱 Magyars · Chile
1072
+13
🇨🇴 Cumans · Colombia
987
+16
🇲🇽 Persians · Mexico
898
+20
🇲🇽 Italians · Mexico
887
+20
🇨🇳 Cumans · China
1026
-19
🇺🇸 Vietnamese · United States
1012
-18
🇲🇽 Mongols · Mexico
969
-16
🇦🇺 Saracens · Australia
952
-16
Jum
10:47 Feudal Age
11:21 Double-Bit Axe
14:58 Fletching
15:10 Loom
17:46 Castle Age
17:40 Padded Archer Armor
17:51 Stone Mining
23:14 Gold Mining
24:04 Wheelbarrow
23:41 Crossbowman
24:17 Town Watch
26:21 Hand Cart
LeGerKy (Calabacin)
2:43 Loom
12:00 Feudal Age
12:28 Double-Bit Axe
12:23 Horse Collar
17:55 Castle Age
25:24 Wheelbarrow
24:38 Town Watch
大草原畜牧
9:10 Feudal Age
10:10 Double-Bit Axe
10:31 Horse Collar
15:35 Wheelbarrow
19:35 Gold Mining
21:47 Castle Age
21:44 Bloodlines
21:42 Scale Barding Armor
21:48 Forging
23:39 Bow Saw
23:54 Hand Cart
25:47 Loom
Neo2087
6:36 Loom
11:11 Feudal Age
11:34 Horse Collar
12:32 Wheelbarrow
11:46 Double-Bit Axe
24:59 Castle Age
23:57 Forging
24:31 Bloodlines
26:24 Hand Cart
jorgeluis s
0:28 Loom
11:03 Feudal Age
18:20 Castle Age
26:10 Fletching
27:34 Bodkin Arrow
Roxhelll
0:40 Loom
13:07 Feudal Age
13:55 Horse Collar
14:03 Double-Bit Axe
14:10 Gold Mining
14:49 Stone Mining
18:20 Man-at-Arms
18:47 Arson
25:46 Castle Age
24:14 Bloodlines
JP 2
6:39 Loom
9:20 Feudal Age
9:51 Double-Bit Axe
20:11 Scale Barding Armor
23:01 Castle Age
21:32 Bloodlines
21:37 Horse Collar
21:49 Gold Mining
24:10 Wheelbarrow
23:20 Town Watch
24:23 Chain Barding Armor
23:25 Light Cavalry
25:03 Fletching
25:24 Husbandry
27:28 Bodkin Arrow
NaitoMare02
6:14 Loom
9:23 Feudal Age
11:04 Double-Bit Axe
11:02 Horse Collar
24:31 Castle Age
22:46 Gold Mining
23:45 Wheelbarrow
23:22 Town Watch
24:26 Stone Mining
25:18 Scale Barding Armor
25:42 Bow Saw
Connection lost

Rejoining the realm…

Still unreachable

The connection could not be restored.

Session expired

The server has moved on; the page needs a fresh start.